AoeStats
← Sax

Arabia

509682222Analyzed
1v1 RM · 5d ago on Sep 27, 2026· 24m 42s· 2 players
Game mode
Random Map
Map size
Tiny (2 player)
Population
200
Speed
Normal
Resources
Standard
Victory
Conquest
Starting age
Dark Age
Ending age
Imperial Age
RankedLock teamsTeams togetherTeam positionsShared explorationLock speedFull tech treeHidden civsTurbo modeCheats
Victory
Defeat
🇵🇪 Mongols · Peru
1054
+14
🇷🇺 Britons · Russia
1011
-34
Sax
9:38 Feudal Age
7:54 Loom
10:48 Double-Bit Axe
Jota1602
3:17 Loom
9:37 Feudal Age
11:17 Forging
18:48 Fletching
21:25 Castle Age
22:54 Crossbowman
25:43 Iron Casting
Connection lost

Rejoining the realm…

Still unreachable

The connection could not be restored.

Session expired

The server has moved on; the page needs a fresh start.